Match 42105037
Unlisted

Match 42105037
End
Selects Italian Combined Arms Battlegroup
Selects Bersaglieri Squad
Bersaglieri Squad
250 Light Carrier
Bersaglieri Squad
Construct Light Support Kompanie
Bersaglieri Squad
Combat Half-tracks
Selects Bersaglieri Bolster
Panzerpioneer Squad
Fire Support Elements
Vehicle Survival Package
Flakvierling Half-track
Construct Panzerarmee Kommand
igor_dsp
brkr1p7on
Bendana(ultra mechanical player)
Funk Eurselph
Gleba
Nashorn101
0
0

Comments sign in to comment!

No comments posted yet!